 Dungeon Crawl Stone Soup version 0.17-a0-986-gf45d1aa (webtiles) character file.

4365 RobertPalmer the Martial Artist (level 10, -11/58 HPs)
             Began as an Octopode Transmuter on May 10, 2015.
             Was a Priest of Makhleb.
             Mangled by an orc warrior
             ... wielding a +0 halberd
              (17 damage)
             ... on level 10 of the Dungeon on May 11, 2015.
             The game lasted 00:26:05 (10226 turns).

RobertPalmer the Martial Artist (OpTm)             Turns: 10226, Time: 00:26:05

Health: -11/58     AC:  2    Str: 11    XL:     10   Next: 34%
Magic:  11/13      EV: 30    Int: 21    God:    Makhleb [***...]
Gold:   49         SH:  0    Dex: 20    Spells: 4 memorised, 2 levels left

rFire  . . .     SeeInvis +       - Unarmed
rCold  . . .     Clarity  .     (shield currently unavailable)
rNeg   . . .     SustAb   .     (helmet currently unavailable)
rPois  x         Gourm    .     f - amulet of regeneration {+regen, !d}
rElec  .         Spirit   .     C - +6 ring of intelligence
rCorr  .         Warding  .     z - ring of see invisible {sInv, !d}
rMut   .         Stasis   .     (no ring)
MR     .....                    (no ring)
Stlth  ++........               (no ring)
                                (no ring)
                                (no ring)
                                (no ring)

@: spider-form (expiring), not resistant to hostile enchantments, unstealthy
A: almost no armour, amphibious, 8 rings, (constrict 8), (camouflage 0),
(gelatinous body 0)
a: End Transformation, Minor Destruction, Lesser Servant of Makhleb, Renounce
Religion


You were on level 10 of the Dungeon.
You worshipped Makhleb.
Makhleb was most pleased with you.
You were not hungry.
You were a venomous arachnid creature.
You visited 3 branches of the dungeon, and saw 12 of its levels.

You collected 630 gold pieces.
You spent 581 gold pieces at shops.

Inventory:

Missiles
 a - 75 arrows
 q - 10 poisoned arrows
 H - 3 curare-tipped needles
 J - 2 poisoned javelins (quivered)
Armour
 L - a +0 hat (melded)
   (You bought it in a shop on level 10 of the Dungeon)
Magical staves
 m - an uncursed staff of death {unknown}
   (You found it on level 8 of the Dungeon)
Jewellery
 f - an amulet of regeneration (around neck) {+regen, !d}
   (You found it on level 1 of the Dungeon)
 r - an uncursed amulet of resist corrosion {rCorr, !d}
   (You found it on level 2 of the Dungeon)
 z - a ring of see invisible (right front leg) {sInv, !d}
   (You found it on level 5 of the Dungeon)
 C - a +6 ring of intelligence (left front leg)
   (You found it on level 4 of the Dungeon)
Magical devices
 y - a wand of digging (24)
   (You took it off Edmund on level 4 of the Dungeon)
 K - a wand of heal wounds (6)
   (You bought it in a shop on level 10 of the Dungeon)
Scrolls
 i - 7 scrolls of enchant weapon
 k - 3 scrolls of remove curse
 w - 2 scrolls of fog
 x - a scroll of magic mapping {!r}
Potions
 e - a potion of flight {unknown}
 l - a potion of poison {unknown}
 n - a potion of agility
 p - a potion of ambrosia {unknown}
 u - a potion of degeneration {unknown}
 v - 2 potions of resistance
 B - 2 potions of cure mutation {!q}
 E - a potion of invisibility {unknown}
 F - a potion of brilliance
 G - a potion of might {unknown}
Books
 b - a book of Changes
 I - a book of Spatial Translocations
   (You found it on level 7 of the Dungeon)
Comestibles
 c - 5 bread rations {@e1}
 g - 8 fruits
 j - 6 meat rations {@e2}


   Skills:
 - Level 1.0 Fighting
 - Level 8.8 Dodging
 - Level 10.7 Unarmed Combat
 - Level 2.0 Spellcasting
 + Level 6.4 Transmutations


You had 2 spell levels left.
You knew the following spells:

 Your Spells              Type           Power        Failure   Level  Hunger
a - Beastly Appendage     Trmt           ####..       6%          1    #......
c - Spider Form           Trmt/Pois      ###.......   32%         3    ###....
s - Sticks to Snakes      Trmt           ####......   8%          2    ##.....
x - Blade Hands           Trmt           ####......   56%         5    ######.


Dungeon Overview and Level Annotations

Branches:
Dungeon (10/15)            Temple (1/1) D:7            Lair (1/8) D:9
    Orc: D:9-12

Altars:
Ashenzari
Cheibriados
Dithmenos
Elyvilon
Fedhas
Gozag
Kikubaaqudgha
Makhleb
Okawaru
Qazlal
Sif Muna
Vehumet
Zin
The Shining One

Shops:
D:7 ?   D:10 :*[(

Annotations:
D:8 exclusion: jelly


Innate Abilities, Weirdness & Mutations

You cannot wear most types of armour.
You are amphibious.
You can wear up to eight rings at the same time.
((You can use your tentacles to constrict eight enemies at once.))
((Your skin changes colour to match your surroundings (Stealth).))
((Your rubbery body absorbs attacks (AC +1).))


Message History

You feel much better.
This wand has 3 charges left.
You feel sick. The killer bee completely misses you.
The killer bee closely misses you.
You regained 17 hp, and now have 26/58 hp.
Unknown command.
You feel sick. The killer bee stings you.
You take 7 damage, and have 19/58 hp.
You feel sick.
There is a staircase back to the Dungeon here.
You take 1 damage, and have 18/58 hp.
You feel sick. The killer bee barely misses you.
You climb upwards.
Welcome back to the Dungeon!
You feel sick.
There is a staircase to the Lair here.
You take 2 damage, and have 16/58 hp.
You feel much better.
This wand has 2 charges left.
You feel sick. The killer bee barely misses you. The killer bee stings you.
You regained 23 hp, and now have 39/58 hp.
You tentacle-slap the killer bee. Your grab misses the killer bee.
You feel sick. The killer bee closely misses you.
You take 1 damage, and have 38/58 hp.
You are feeling hungry.
You bludgeon the killer bee! You grab the killer bee.
You constrict the killer bee.
You feel sick. The killer bee closely misses you.
You take 1 damage, and have 37/58 hp.
You bludgeon the killer bee!
You kill the killer bee!
Makhleb accepts your kill.
You feel a little better.
You regained 5 hp, and now have 42/58 hp.
You feel sick.
You take 1 damage, and have 41/58 hp.
Read which item? (? for menu, Esc to quit)
Charge which item? (? for menu, Esc to quit)
As you read the scroll of recharging, it crumbles to dust.
Your wand of heal wounds (2) glows for a moment and now has 6 charges.
You feel sick.
You take 1 damage, and have 40/58 hp.
You feel sick.
There is a staircase to the Lair here.
You feel sick.
You take 1 damage, and have 39/58 hp.
You feel sick.
You start resting.
Eating one of 2 chunks of flesh {@w0}.
You continue eating.
You feel sick.
You continue eating.
You feel sick. x7
Your extra speed is starting to run out.
You feel sick.
You take 2 damage, and have 37/58 hp.
You start resting.
You feel sick. x2
You feel yourself slow down.
All of the chunks of flesh in your inventory have rotted away.
You start resting.
You feel sick. x4
You are no longer poisoned.
You regained 5 hp, and now have 43/58 hp.
You start resting.
Health restored: 58 Unknown command.
(D) Dungeon (T) Temple (L) Lair
Where to? (Enter - Lair:1, ? - help)
Your magical contamination has completely faded away.
Unknown command.
(D) Dungeon (T) Temple (L) Lair
Where to? (Enter - D:10, ? - help)
There is a stone staircase leading down here.
You climb downwards.
The orc closely misses you.
The orc warrior hits you with a halberd.
There is a stone staircase leading up here.
You take 6 damage, and have 52/58 hp.
You turn into a venomous arachnid creature.
Your +0 hat melds into your body.
The orc misses you.
You now have 10/13 mp.
You hit the orc warrior but do no damage.
The orc warrior is poisoned.
The orc warrior hits you with a halberd!!
The orc completely misses you.
The centaur shouts!
You take 24 damage, and have 28/58 hp.
MASSIVE DAMAGE!!
You have no means to grasp a wand firmly enough.
The orc completely misses you. The orc warrior barely misses you.
Read which item? (? for menu, Esc to quit)
Okay, then.
The orc completely misses you.
The orc warrior hits you from afar with a halberd!
You take 9 damage, and have 19/58 hp.
Unknown command.
The centaur shoots an arrow.
The arrow hits you!
* * * LOW HITPOINT WARNING * * *
You take 12 damage, and have 7/58 hp.
MASSIVE DAMAGE!!
Drink which item? (? for menu, Esc to quit)
Okay, then.
Your transformation is almost over.
The centaur hits you with an enchanted shortbow.
* * * LOW HITPOINT WARNING * * *
The orc warrior hits you from afar with a halberd!
You die...

.....####...# #..#............
##......#...######..#............
.................................
.................................
............)....................
.................................
#......#...####....#.######..#..
#.....o#...####.#o.#o# #..#..
##..o..#.......s...#o# #. #..
#.)...########c####.# #..
#)[.................# ..#..
#..............<....######..#+#
+..............................
#..............)...............
#..............................
.................<.............
................................


You could see an orc warrior and a centaur.

Vanquished Creatures
  A two-headed ogre (D:10)
  A deep elf mage (D:9)
  2 hippogriffs
  2 wyverns
  Edmund (D:4)
  The ghost of RobertPalmer the Insei, an average OpTm (D:3)
  3 sky beasts
  2 orc warriors
  A necrophage (D:10)
  2 ice beasts
  4 ogres
  2 centaurs
  5 giant frogs
  A wyvern zombie (D:9)
  4 scorpions
  7 wights
  A killer bee (D:9)
  A giant frog zombie (D:6)
  A crimson imp (D:9)
  A gnoll shaman (D:10)
  Crazy Yiuf (D:6)
  A giant frog skeleton (D:7)
  A hound (D:1)
  An iguana (D:9)
  An orc priest (D:4)
  5 orc wizards
  Terence (D:2)
  A killer bee zombie (D:5)
  5 worker ants
  A hound zombie (D:7)
  2 hound skeletons
  3 worker ant zombies
  11 adders
  6 gnolls
  A shadow imp (D:7)
  5 oozes
  3 worms
  2 giant geckos
  36 orcs
  4 ball pythons
  A giant cockroach (D:2)
  11 goblins
  14 hobgoblins
  5 quokkas
  16 bats
  A giant gecko skeleton (D:5)
  7 giant newts
  A giant spore (D:6)
  10 jackals
  13 kobolds
  A quokka skeleton (D:8)
  13 rats
  A ballistomycete (D:6)
228 creatures vanquished.

Vanquished Creatures (collateral kills)
  Menkaure (D:7)
  A water moccasin (D:7)
2 creatures vanquished.

Vanquished Creatures (others)
  A fungus (Lair:1)
1 creature vanquished.

Grand Total: 231 creatures vanquished

Notes
Turn   | Place    | Note
--------------------------------------------------------------
     0 | D:1      | RobertPalmer, the Octopode Transmuter, began the quest for the Orb.
     0 | D:1      | Reached XP level 1. HP: 13/13 MP: 3/3
     2 | D:1      | Noticed a spriggan
     2 | D:1      | Noticed a demigod
     4 | D:1      | Noticed a gargoyle
     4 | D:1      | Noticed a centaur
     6 | D:1      | Noticed a troll
     6 | D:1      | Noticed a vine stalker
     8 | D:1      | Noticed a merfolk
    10 | D:1      | Noticed a dwarf
    10 | D:1      | Noticed a ghoul
    12 | D:1      | Noticed a formicid
    12 | D:1      | Noticed a vampire
    14 | D:1      | Noticed a human
    16 | D:1      | Noticed an octopode
    16 | D:1      | Noticed a draconian
    18 | D:1      | Noticed a tengu
    18 | D:1      | Noticed a felid
    22 | D:1      | Noticed a demonspawn
    22 | D:1      | Noticed an ogre
    24 | D:1      | Noticed a minotaur
    24 | D:1      | Noticed an elf
    26 | D:1      | Noticed a naga
   443 | D:1      | Reached XP level 2. HP: 16/18 MP: 5/5
   602 | D:1      | Reached skill level 3 in Transmutations
   828 | D:1      | HP: 3/18 [hobgoblin/club (4)]
  1123 | D:1      | Reached XP level 3. HP: 10/23 MP: 4/6
  1131 | D:1      | Learned a level 2 spell: Sticks to Snakes
  1135 | D:1      | Learned a level 3 spell: Spider Form
  1501 | D:1      | Reached skill level 4 in Transmutations
  1609 | D:2      | Reached XP level 4. HP: 12/28 MP: 5/7
  1948 | D:2      | Noticed Terence
  1950 | D:2      | Killed Terence
  1950 | D:2      | Reached skill level 5 in Transmutations
  1952 | D:2      | Reached XP level 5. HP: 33/33 MP: 8/8
  2622 | D:3      | Noticed RobertPalmer's ghost (average OpTm)
  3122 | D:3      | Killed RobertPalmer's ghost
  3122 | D:3      | Reached skill level 4 in Unarmed Combat
  3122 | D:3      | Reached XP level 6. HP: 35/38 MP: 5/9
  3141 | D:3      | Found a deep blue altar of Sif Muna.
  3438 | D:4      | Reached skill level 5 in Unarmed Combat
  3514 | D:4      | Noticed Edmund
  3526 | D:4      | Killed Edmund
  3526 | D:4      | Reached skill level 6 in Unarmed Combat
  3526 | D:4      | Reached XP level 7. HP: 30/43 MP: 3/10
  4215 | D:5      | Entered Level 5 of the Dungeon
  4520 | D:5      | Reached skill level 7 in Unarmed Combat
  5249 | D:5      | Reached skill level 8 in Unarmed Combat
  5249 | D:5      | Reached XP level 8. HP: 33/48 MP: 7/11
  5295 | D:6      | Found a shadowy altar of Dithmenos.
  5407 | D:6      | Noticed Crazy Yiuf
  5437 | D:6      | Killed Crazy Yiuf
  5492 | D:6      | Found a radiant altar of Vehumet.
  5666 | D:6      | Reached skill level 9 in Unarmed Combat
  5875 | D:7      | Noticed Menkaure
  6045 | D:7      | Found a staircase to the Ecumenical Temple.
  6141 | Temple   | Entered the Ecumenical Temple
  6147 | Temple   | Became a worshipper of Makhleb the Destroyer
  6164 | D:7      | Found a stormy altar of Qazlal.
  6386 | D:7      | Found an iron altar of Okawaru.
  6461 | D:7      | Found Juzucoeh's Magic Scroll Shop.
  6473 | D:7      | Reached skill level 10 in Unarmed Combat
  6486 | D:7      | Bought a scroll of teleportation for 45 gold pieces
  6492 | D:7      | Bought a scroll of fog for 30 gold pieces
  6492 | D:7      | Bought a scroll of fog for 30 gold pieces
  6574 | D:7      | Reached XP level 9. HP: 33/53 MP: 5/12
  6707 | D:7      | Acquired Makhleb's first power
  7001 | D:7      | Killed Menkaure
  7201 | D:8      | Found a glowing silver altar of Zin.
  7201 | D:8      | Noticed an angel
  7246 | D:8      | Reached skill level 3 in Dodging
  7251 | D:8      | HP: 12/53 [wight/stone (4)]
  7385 | D:8      | HP: 6/53 [centaur/arrow (9)]
  7570 | D:8      | Reached skill level 4 in Dodging
  7797 | D:8      | Reached skill level 5 in Dodging
  7979 | D:8      | Found a white marble altar of Elyvilon.
  8161 | D:9      | Found a staircase to the Lair.
  8269 | D:9      | Acquired Makhleb's second power
  8269 | D:9      | Reached skill level 6 in Dodging
  8409 | D:9      | Reached skill level 7 in Dodging
  8617 | D:9      | Found a blossoming altar of Fedhas.
  8617 | D:9      | Found an ancient bone altar of Kikubaaqudgha.
  9083 | D:9      | Reached XP level 10. HP: 58/58 MP: 9/13
  9404 | D:10     | Entered Level 10 of the Dungeon
  9448 | D:10     | Reached skill level 8 in Dodging
  9531 | D:10     | Found Kaatel's Weapon Boutique.
  9533 | D:10     | Acquired Makhleb's third power
  9635 | D:10     | Found Cabe's Armour Shoppe.
  9644 | D:10     | Found Hrphuren's Humungous Hoard.
  9658 | D:10     | Bought a wand of heal wounds (1) for 420 gold pieces
  9658 | D:10     | Bought a +0 hat for 56 gold pieces
  9749 | D:10     | Found Ihufiaq's Book Shop.
  9810 | D:10     | Reached skill level 6 in Transmutations
  9837 | D:10     | HP: 9/57 [orc warrior/halberd (24)]
  9838 | D:10     | HP: 1/57 [orc warrior/halberd (9)]
  9905 | D:9      | Upgraded the game from 0.17-a0-977-g4154171 to 0.17-a0-986-gf45d1aa
  9916 | Lair:1   | Entered Level 1 of the Lair of Beasts
  9983 | Lair:1   | Learned a level 5 spell: Blade Hands
 10068 | Lair:1   | Noticed a black mamba
 10093 | Lair:1   | HP: 7/58 [killer bee (9)]
 10117 | Lair:1   | HP: 12/58 [killer bee (7)]
 10218 | D:10     | HP: 7/58 [centaur/arrow (13)]
 10226 | D:10     | HP: 6/58 [centaur/enchanted shortbow (6)]
 10226 | D:10     | Mangled by an orc warrior

Vault maps used:
D:1:      kb_arrival_jail
D:2:      first_bread, st_stairs_12, solitary_fountain, minmay_distorted,
          uniq_terence
D:3:      led_sif_pool
D:4:      uniq_edmund
D:5:      st_stairs_14
D:6:      vehumet_crystals, old_standard_altar, uniq_crazy_yiuf_cottage
D:7:      nicolae_qazlal_general_emergency, minmay_temple_entry_statues_pillars,
          serial_shops, shop, okawaru_altar_gauntlet_db, uniq_menkaure
D:8:      elyvilon_altar_1, zin_angel, hangedman_little_slice_of_home
D:9:      grunt_temple_overflow_growth_and_decay, lair_0_dummy
D:10:     serial_shops, nicolae_shop_statue_plus, nicolae_shop_stone,
          kennysheep_mini_moat, shop, kennysheep_mini, nicolae_alphabet_shops
Temple:   triangle_lava_temple_11

Action                   |  1- 3 |  4- 6 |  7- 9 | 10-12 || total
-------------------------+-------+-------+-------+-------++-------
Melee: Unarmed           |    53 |    72 |   315 |    97 ||   537
Throw: Javelin           |     5 |    36 |    45 |     7 ||    93
 Cast: Beastly Appendage |     9 |    16 |     5 |       ||    30
       Sticks to Snakes  |       |     4 |     8 |       ||    12
       Spider Form       |       |     2 |    27 |    10 ||    39
 Abil: End Transformatio |       |       |     1 |       ||     1
Evoke: Wand              |       |       |     4 |     5 ||     9
  Use: Scroll            |       |     3 |    15 |     7 ||    25
       Potion            |       |       |     2 |     4 ||     6
 Stab: Sleeping          |     1 |     2 |     4 |       ||     7
  Eat: Chunk             |     2 |     7 |    17 |     7 ||    33
       Pizza             |       |       |     1 |       ||     1
       Beef jerky        |       |       |     3 |       ||     3
       Fruit             |       |       |     1 |       ||     1

Vault maps used:
D:1:      kb_arrival_jail
D:2:      first_bread, st_stairs_12, solitary_fountain, minmay_distorted,
          uniq_terence
D:3:      led_sif_pool
D:4:      uniq_edmund
D:5:      st_stairs_14
D:6:      vehumet_crystals, old_standard_altar, uniq_crazy_yiuf_cottage
D:7:      nicolae_qazlal_general_emergency, minmay_temple_entry_statues_pillars,
          serial_shops, shop, okawaru_altar_gauntlet_db, uniq_menkaure
D:8:      elyvilon_altar_1, zin_angel, hangedman_little_slice_of_home
D:9:      grunt_temple_overflow_growth_and_decay, lair_0_dummy
D:10:     serial_shops, nicolae_shop_statue_plus, nicolae_shop_stone,
          kennysheep_mini_moat, shop, kennysheep_mini, nicolae_alphabet_shops
Temple:   triangle_lava_temple_11

Table legend:
 A = Turns spent in this place as a percentage of turns spent in the entire game.
 B = Non-inter-level travel turns spent in this place as a percentage of non-inter-level travel turns spent in the entire game.
 C = Inter-level travel turns spent in this place as a percentage of turns spent in this place.
 D = Turns resting spent in this place as a percentage of non-inter-level travel turns spent in this place.
 E = Turns spent auto-exploring this place as a percentage of non-inter-level travel turns spent in this place.
 F = Non-inter-level travel turns spent in this place divided by the number of levels of this place that you've seen.
                   A       B       C       D       E      F
               +-------+-------+-------+-------+-------+----------------------
         Total | 100.0 | 100.0 |   0.4 |   1.9 |   7.4 | 300.4
       Dungeon |  95.1 |  95.1 |   0.5 |   2.0 |   7.6 | 342.8
        Temple |   0.3 |   0.3 |   0.0 |   0.0 |   0.0 |  11.0
          Lair |   4.6 |   4.6 |   0.0 |   0.0 |   3.6 | 166.0
               +-------+-------+-------+-------+-------+----------------------

Table legend:
 A = Kills in this place as a percentage of kills in entire the game.
 B = Kills by you in this place as a percentage of kills by you in the entire game.
 C = Kills by friends in this place as a percentage of kills by friends in the entire game.
 D = Other kills in this place as a percentage of other kills in the entire game.
 E = Experience gained in this place as a percentage of experience gained in the entire game.
 F = Experience gained in this place divided by the number of levels of this place that you have seen.
                   A       B       C       D       E      F
               +-------+-------+-------+-------+-------+----------------------
         Total | 100.0 | 100.0 | 100.0 |  -nan | 100.0 | 519.7
       Dungeon |  99.6 |  99.6 | 100.0 |  -nan |  98.5 | 614.3
          Lair |   0.4 |   0.4 |   0.0 |  -nan |   1.5 |  93.0
               +-------+-------+-------+-------+-------+----------------------
